 Dungeon Crawl Stone Soup version 0.29.0-11-gd7f09526c8 (webtiles) character file.

Game seed: 17857788471716501337

628 blackman the Trooper (level 7, -5/54 HPs)
             Began as a Djinni Hedge Wizard on Sept 6, 2022.
             Slain by Menkaure (13 damage)
             ... on level 4 of the Dungeon.
             The game lasted 00:13:53 (5615 turns).

blackman the Trooper (Djinni Hedge Wizard)          Turns: 5615, Time: 00:13:54

Health: -5/54      AC:  3    Str: 15    XL:     7   Next: 77%
Gold:   143        EV: 12    Int: 18    God:
                   SH:  0    Dex: 12

rFire   + + .      SeeInvis .   y - +0 whip (elec)
rCold   x . .      Faith    .   (no shield)
rNeg    . . .      Spirit   .   b - +0 robe
rPois   ∞          Reflect  .   c - +0 hat
rElec   .          Harm     .   k - +0 cloak
rCorr   .          Rampage  .   (no gloves)
Will    .....                   (boots unavailable)
Stlth   ++........              (no amulet)
HPRegen 0.18/turn               x - +6 ring of strength
MPRegen 0.00/turn               (no ring)

@: flying
A: sickness immunity, fire resistance 2, cold vulnerability 1, float, innate
caster, HP casting, extra vitality 1
a: no special abilities


You were on level 4 of the Dungeon.
You visited 1 branch of the dungeon, and saw 4 of its levels.
You also visited: Sewer.

You collected 143 gold pieces.

Inventory:

Hand Weapons
 y - a +0 whip of electrocution (weapon)
Missiles
 f - 28 poisoned darts
Armour
 b - a +0 robe (worn)
 c - a +0 hat (worn)
 k - a +0 cloak (worn)
Jewellery
 x - a +6 ring of strength (left hand)
Scrolls
 a - a scroll of blinking {unknown}
 h - a scroll of immolation
 j - 2 scrolls of amnesia
 p - a scroll of noise
 q - a scroll of fear
 r - 2 scrolls of teleportation
 s - 3 scrolls of vulnerability
 u - a scroll of summoning {unknown}
 v - a scroll of butterflies {unknown}
Potions
 d - a potion of magic {unknown}
 e - a potion of invisibility {unknown}
 i - a potion of mutation {unknown}
 l - a potion of resistance {unknown}
 m - 2 potions of attraction {unknown}
 n - 3 potions of degeneration {unknown}
 o - 3 potions of curing
 w - a potion of haste {unknown}


   Skills:
 - Level 5.6 Fighting
 - Level 2.1 Dodging
 - Level 1.5 Stealth
 + Level 4.7 Spellcasting


You couldn't memorise any spells.
You knew the following spells:

 Your Spells              Type           Power      Damage    Failure   Level
a - Magic Dart            Conj           84%        1d7       1%          1
b - Blink                 Tloc           42%        N/A       3%          2
c - Call Imp              Summ           21%        N/A       3%          2
d - Slow                  Hex            84%        N/A       1%          1
e - Conjure Flame         Conj/Fire      21%        6-21      6%          3
f - Mephitic Cloud        Conj/Pois/Air  21%        N/A       6%          3
g - Sandblast             Erth           42%        2d11      1%          1
h - Passwall              Tmut/Erth      17%        N/A       3%          2
i - Vampiric Draining     Necr           21%        2d7       6%          3
Your spell library was empty.

Dungeon Overview and Level Annotations

Branches:
Dungeon (4/15)              Sewer (visited)
 Temple: D:4-7

Altars:

Shops:
D:4 :

Annotations:
D:4 Menkaure


Innate Abilities, Weirdness & Mutations

You are immune to sickness and miasma.
You are immune to poison.
Your flesh is very heat resistant. (rF++)
You are vulnerable to cold. (rC-)
You float through the air rather than walking.
You learn spells naturally, not from books.
Your magical power is your life essence.
You have superior vitality. (+4 MHP)


Message History

Press: ? - help, Shift-Dir - straight line, f - Menkaure
Aim: Menkaure (noxious fumes, fast, not susceptible) Menkaure is unaffected.
The howler monkey is engulfed in noxious fumes.
The howler monkey appears confused.
The howler monkey completely misses you.
Menkaure hits you!!
Casting: Vampiric Draining (dangerous; 6% risk of failure)
Confirm with . or Enter, or press ? or * to list all spells.
Aiming: Vampiric Draining (dangerous; 6% risk of failure)
Press: ? - help, Shift-Dir - straight line, f - howler monkey, p - Menkaure
Aim: a howler monkey (noxious fumes, severely wounded, confused, catching its breath)
You draw life force from the howler monkey.
You feel life coursing into your body.
The howler monkey is engulfed in noxious fumes.
The howler monkey appears confused.
Menkaure hits you!
* * * LOW HITPOINT WARNING * * *
Casting: Vampiric Draining (dangerous; 6% risk of failure)
Confirm with . or Enter, or press ? or * to list all spells.
You can't see any susceptible monsters within range! (Use Z to cast anyway.) Unknown command.
Unknown command.
Unknown command.
Casting: Vampiric Draining (dangerous; 6% risk of failure)
Confirm with . or Enter, or press ? or * to list all spells.
You can't see any susceptible monsters within range! (Use Z to cast anyway.) Unknown command.
Unknown command.
Casting: Vampiric Draining (dangerous; 6% risk of failure)
Confirm with . or Enter, or press ? or * to list all spells.
Aiming: Sandblast (safe; 1% risk of failure)
Press: ? - help, Shift-Dir - straight line, f/p - howler monkey
Aim: a howler monkey (noxious fumes, almost dead, confused, catching its breath, 94% to hit)
The blast of sand hits Menkaure.
Menkaure is lightly damaged.
* * * LOW HITPOINT WARNING * * *
The howler monkey is engulfed in noxious fumes.
The howler monkey appears confused.
Menkaure closely misses you. Menkaure hits you!
You die...

...........,,,,,*.....#,,*....,*,
.......####*...>*,....####....,**
...#..####**....###...........,,,
..........,,,.....#.....h.....,,,
...........,,,....#.....M.....,,,
........####**#...#...........,,,
........##...##...#...........,,,
.........+........#.....######**,
'#########......@.#.....# *,
.........#......°M#.....# **
........<#.....○☼☼'.....#
.........#.....○.○#.....#
.........##########.....#********
######...............####*,,*,,,,
.....#...............# *,,,,,,*
.<).))[..............# *,,,,,,*
.....#...............# *,,,,,,*


You could see Menkaure (fast).

Vanquished Creatures
  6 kobold brigands (Sewer)
  A hound (D:4)
  9 adders
  5 worms
  2 dart slugs
  5 orcs (D:4)
  7 ball pythons
  9 endoplasms
  4 giant cockroaches
  9 goblins
  9 hobgoblins
  9 kobolds
  3 quokkas
  7 bats
  6 frilled lizards
  10 rats
101 creatures vanquished.

Notes
Turn   | Place    | Note
-------+----------+-------------------------------------------
     0 | D:1      | blackman the Djinni Hedge Wizard began the quest for the
                  | Orb.
     0 | D:1      | blackman set off with the following spells memorised: Magic
                  | Dart, Blink, Call Imp, Slow, Conjure Flame, Mephitic Cloud.
     0 | D:1      | Reached XP level 1. HP: 15/15 MP: 0/0
   598 | D:1      | Reached skill level 1 in Fighting
   598 | D:1      | Reached XP level 2. HP: 15/22 MP: 0/0
  1557 | D:1      | Reached XP level 3. HP: 27/28 MP: 0/0
  1557 | D:1      | Learned a level 1 spell: Sandblast
  1580 | D:1      | Reached skill level 2 in Fighting
  1833 | D:1      | Found a faded altar of an unknown god.
  2326 | D:2      | Reached XP level 4. HP: 28/34 MP: 0/0
  2336 | D:2      | Reached skill level 3 in Fighting
  3078 | D:2      | Reached XP level 5. HP: 24/40 MP: 0/0
  3078 | D:2      | Learned a level 2 spell: Passwall
  4294 | D:4      | Found a glowing drain.
  4327 | Sewer    | Entered a sewer
  4535 | Sewer    | Noticed a kobold brigand
  4554 | Sewer    | Killed a kobold brigand
  4555 | Sewer    | Reached skill level 4 in Fighting
  4555 | Sewer    | Reached XP level 6. HP: 38/48 MP: 0/0
  4803 | Sewer    | Reached skill level 5 in Fighting
  4811 | Sewer    | Reached XP level 7. HP: 42/54 MP: 0/0
  4811 | Sewer    | Learned a level 3 spell: Vampiric Draining
  5471 | D:4      | Found Ocah's Book Shoppe.
  5600 | D:4      | Noticed Menkaure
  5615 | D:4      | Slain by Menkaure

Illustrated notes

Levels and vault maps discovered:
D:1:      tarquinn_simple_flora_water_e, layout_basic,
          hellmonk_ecumenical_altar_prayer_group, minmay_pentomino_q2
D:2:      layout_basic, minmay_misc_feat_secret_circle, minmay_vboxes
D:3:      layout_loops_ring
D:4:      layout_gridville, portal_sewer_entry_a, serial_shops, shop, shop,
          uniq_menkaure

Skill      XL: |  1  2  3  4  5  6  7 |
---------------+----------------------+-----
Fighting       | 1 2 3 4 5 |  5.6
Spellcasting   | 3 4 |  4.7
Dodging        | |  2.1
Stealth        | |  1.5

Action                   |  1- 3 |  4- 6 |  7- 9 || total
-------------------------+-------+-------+-------++-------
Melee: Dagger            |     7 |       |       ||     7
       Whip              |     6 |       |       ||     6
 Cast: Magic Dart        |    65 |    21 |    27 ||   113
       Blink             |     1 |       |       ||     1
       Sandblast         |     7 |    83 |    22 ||   112
       Mephitic Cloud    |     2 |     6 |     4 ||    12
       Passwall          |       |     4 |       ||     4
       Vampiric Draining |       |       |     9 ||     9
  Use: Potion            |     1 |       |       ||     1
       Scroll            |       |     7 |     1 ||     8
Armor: Robe              |     7 |     7 |       ||    14
Dodge: Dodged            |    24 |    16 |     4 ||    44
